 Dungeon Crawl Stone Soup version 0.31-a0-198-g2ad674f65e (webtiles) character file.

Game seed: 12494297172882566242

521 qw the Skirmisher (level 7, -5/40 HPs)
             Began as a Deep Elf Hunter on June 25, 2023.
             Shot with an arrow by a centaur (10 damage)
             ... on level 5 of the Dungeon.
             The game lasted 00:01:21 (3530 turns).

qw the Skirmisher (Deep Elf Hunter)                 Turns: 3530, Time: 00:01:21

Health: -5/40      AC:  6    Str: 10    XL:     7   Next: 1%
Magic:  9/9        EV:  9    Int: 14    God:
Gold:   252        SH:  0    Dex: 18    Spells: 6/6 levels left

rFire   . . .        Y - +1 shortbow
rCold   + . .        (shield currently unavailable)
rNeg    . . .        l - +0 scale mail
rPois   .            (no helmet)
rElec   .            (no cloak)
rCorr   .            (no gloves)
SInv    .            (no boots)
Will    .....        (no amulet)
Stlth   +            a - ring of protection from cold
HPRegen 0.26/turn    (no ring)
MPRegen 0.11/turn

%: no passive effects
@: no status effects
A: no striking features
a: no special abilities


You were on level 5 of the Dungeon.
You visited 2 branches of the dungeon, and saw 6 of its levels.

You collected 252 gold pieces.


   Skills:
 - Level 2.0 Fighting
 + Level 10.6 Ranged Weapons
 - Level 1.0 Armour
 - Level 2.4 Dodging
 - Level 1.2 Stealth


You had 6 spell levels left.
You didn't know any spells.
Your spell library was empty.

Inventory:

Hand Weapons
 Y - a +1 shortbow (weapon)
Armour
 l - a +0 scale mail (worn)
Jewellery
 a - a ring of protection from cold (left hand)
 e - a ring of ice
Scrolls
 c - a scroll of identify
Potions
 b - a potion of enlightenment {unknown}
 f - a potion of degeneration {unknown}
 h - a potion of attraction {unknown}
 i - a potion of haste {unknown}
 j - a potion of brilliance {unknown}
 k - a potion of magic {unknown}

Dungeon Overview and Level Annotations

Branches:
Dungeon (5/15)             Temple (1/1) D:4

Altars:
Ashenzari
Cheibriados
Dithmenos
Elyvilon
Fedhas
Hepliaklqana
Nemelex Xobeh
Qazlal
Ru
Trog
Uskayaw
Vehumet

Annotations:
D:5 Blork the orc


Message History

The iron imp is almost dead.
You feel sick. The adder completely misses you.
The adder bites you but does no damage.
You shoot an arrow.
The arrow hits the iron imp but does no damage.
The iron imp is almost dead.
You feel sick.
You are no longer poisoned.
The iron imp closely misses you. The adder barely misses you.
You shoot an arrow. The arrow hits the iron imp.
You kill the iron imp!
The adder bites you but does no damage. The adder bites you.
You shoot an arrow. The arrow hits the adder!
You kill the adder!
Your surroundings suddenly seem different.
Blork the orc comes into view.
He is wielding a +0 halberd.
Found five items.
Blork the orc shouts!
You hear a shout!
Blork the orc looks encouraged for a moment.
You have reached level 7!
Enter note: You shoot an arrow.
The arrow hits Blork the orc but does no damage.
A hound comes into view.
A centaur comes into view.
3527 ||| Stepping ~*~*~tactically~*~*~ (outnumbered).
The hound barks!
A quokka comes into view.
An iguana comes into view.
Enter note: You shoot an arrow.
The arrow barely misses the hound.
The iguana hisses angrily.
A scorpion comes into view.
You shoot an arrow. The arrow barely misses the hound.
An orc comes into view. It is wielding a +0 club.
The hound barely misses you.
The centaur wields a +0 shortbow.
The centaur shoots an arrow.
The arrow barely misses you.
The arrow barely misses the hound.
You shoot an arrow. The arrow hits the hound!
The hound is heavily wounded.
The hound barely misses you.
The centaur shoots an arrow.
The arrow hits you!
You die...

[#. }.}.. ###
...# ... }..
###.#####.###
#.....#$...[#
.#..8..#.....#..
...888c...$..l.o
.#..8..#@h.r.#.
#.....#(...!#
###.#####.###


.oc #.. ### ..# ... #.. ... #.. ... .. ... ... You could see a centaur, an
iguana, a hound, an orc and a quokka.

Vanquished Creatures
  Sigmund (D:4)
  A phantom (D:5)
  A jelly (D:4)
  A hound (D:5)
  An iron imp (D:5)
  An iguana (D:4)
  8 adders
  An ufetubus (D:5)
  2 worms (D:2)
  6 orcs
  8 endoplasms
  7 giant cockroaches
  9 goblins
  7 hobgoblins
  8 jackals
  5 quokkas
  9 ball pythons
  4 bats
  6 frilled lizards
  4 kobolds
  6 rats
96 creatures vanquished.

Notes
Turn   | Place    | Note
-------+----------+-------------------------------------------
     0 | D:1      | qw the Deep Elf Hunter began the quest for the Orb.
     0 | D:1      | Reached XP level 1. HP: 12/12 MP: 3/3
     0 | D:1      | 0 ||| qw: Version: 0.3-a-22-g0ed2b0b
     0 | D:1      | 0 ||| qw: Game counter: 5276
     0 | D:1      | 0 ||| qw: Melee chars always use a shield: true
     0 | D:1      | 0 ||| qw: God list: Okawaru
     0 | D:1      | 0 ||| qw: Allow faded altars: false
     0 | D:1      | 0 ||| qw: Do Orc after clearing Dungeon:15 true
     0 | D:1      | 0 ||| qw: Do second Lair branch before Depths: true
     0 | D:1      | 0 ||| qw: Lair rune preference: random
     0 | D:1      | 0 ||| qw: Goals: Normal
     0 | D:1      | 0 ||| PLANNING D:1-11
    86 | D:1      | Reached XP level 2. HP: 16/16 MP: 4/4
    87 | D:1      | Reached skill level 6 in Ranged Weapons
   405 | D:1      | Reached XP level 3. HP: 20/20 MP: 5/5
   490 | D:1      | You fall into a shaft and drop 1 floor!
   604 | D:2      | Reached skill level 7 in Ranged Weapons
   959 | D:2      | 959 ||| FLEEEEING.
   965 | D:2      | 965 ||| STAIRDANCE
  1067 | D:1      | Reached XP level 4. HP: 23/25 MP: 6/6
  1247 | D:1      | 1247 ||| DROPPING scarf of invisibility.
  1248 | D:1      | 1248 ||| READING scroll labelled BEJUGI FYHU.
  1249 | D:1      | 1249 ||| READING 2 scrolls labelled WIOREM WUEPN.
  1253 | D:1      | 1253 ||| READING scroll labelled ZUNUTE FOUKIU.
  1254 | D:1      | 1254 ||| READING scroll labelled FIAKIEKL UGEAPT.
  1255 | D:1      | 1255 ||| DROPPING scroll of butterflies.
  1331 | D:2      | Found a broken altar of Ashenzari.
  1605 | D:2      | 1605 ||| READING 2 scrolls labelled YREL BOUK IXKAG.
  1606 | D:2      | 1606 ||| READING scroll labelled MILIDD VELLEBO.
  1607 | D:2      | 1607 ||| DROPPING scroll of vulnerability.
  1609 | D:2      | 1609 ||| Stepping ~*~*~tactically~*~*~ (cloud).
  1615 | D:2      | HP: 6/25 [poisoned by you (poison gas)]
  1799 | D:3      | Reached skill level 8 in Ranged Weapons
  2018 | D:3      | 2018 ||| FLEEEEING.
  2019 | D:3      | 2019 ||| FLEEEEING.
  2020 | D:3      | 2020 ||| FLEEEEING.
  2021 | D:3      | 2021 ||| FLEEEEING.
  2022 | D:3      | 2022 ||| FLEEEEING.
  2023 | D:3      | 2023 ||| FLEEEEING.
  2024 | D:3      | 2024 ||| FLEEEEING.
  2025 | D:3      | 2025 ||| FLEEEEING.
  2026 | D:3      | 2026 ||| FLEEEEING.
  2305 | D:3      | Found a hide-covered altar of Uskayaw.
  2548 | D:3      | 2548 ||| UPGRADING to +0 scale mail.
  2558 | D:3      | 2558 ||| DROPPING +0 leather armour.
  2559 | D:3      | 2559 ||| UPGRADING to ring of protection from cold.
  2560 | D:3      | 2560 ||| DRINKING 2 green potions.
  2588 | D:4      | Noticed Sigmund
  2589 | D:4      | 2589 ||| DRINKING potion of curing.
  2589 | D:4      | 2589 ||| (to cure confusion)
  2597 | D:4      | HP: 2/25 [something (6)]
  2599 | D:4      | Killed Sigmund
  2600 | D:4      | Reached skill level 9 in Ranged Weapons
  2600 | D:4      | Reached XP level 5. HP: 2/29 MP: 7/7
  2600 | D:4      | Reached XP level 6. HP: 3/34 MP: 8/8
  2662 | D:4      | 2662 ||| FLEEEEING.
  2663 | D:4      | 2663 ||| FLEEEEING.
  2664 | D:4      | 2664 ||| FLEEEEING.
  2665 | D:4      | 2665 ||| FLEEEEING.
  2666 | D:4      | 2666 ||| STAIRDANCE
  2862 | D:4      | Found a staircase to the Ecumenical Temple.
  2863 | D:4      | 2863 ||| PLANNING TEMPLE
  2872 | Temple   | Entered the Ecumenical Temple
  3019 | Temple   | 3019 ||| PLANNING D:1-11
  3079 | D:4      | Reached skill level 1 in Armour
  3390 | D:4      | 3390 ||| READING scroll labelled KOBUIRI BOYKOC.
  3452 | D:4      | 3452 ||| DRINKING 2 metallic red potions.
  3453 | D:4      | 3453 ||| DROPPING potion of invisibility.
  3471 | D:5      | Entered Level 5 of the Dungeon
  3471 | D:5      | Found a sparkling altar of Nemelex Xobeh.
  3472 | D:5      | 3472 ||| PLANNING OSSUARY
  3500 | D:5      | Reached skill level 10 in Ranged Weapons
  3501 | D:5      | 3501 ||| FLEEEEING.
  3501 | D:5      | Found a snail-covered altar of Cheibriados.
  3502 | D:5      | 3502 ||| FLEEEEING.
  3520 | D:5      | HP: 7/35 [adder (2)]
  3521 | D:5      | 3521 ||| READING scroll of teleportation.
  3524 | D:5      | HP: 3/35 [adder (2)]
  3525 | D:5      | Noticed Blork the orc
  3526 | D:5      | Reached XP level 7. HP: 4/40 MP: 9/9
  3527 | D:5      | 3527 ||| Stepping ~*~*~tactically~*~*~ (outnumbered).
  3530 | D:5      | Shot with an arrow by a centaur

Levels and vault maps discovered:
D:1:      minmay_arrival_open_corners, layout_basic
D:2:      layout_basic, basic_altar
D:3:      layout_basic, nicolae_uskayaw_suspiria
D:4:      layout_basic, minmay_temple_entry_statues_pillars, uniq_sigmund
D:5:      layout_cave_pools, mainiacjoe_overflow_catwalk,
          nicolae_overflow_crystal_walls, slow_altar_1,
          chequers_ossuary_entry_cave, minmay_chambers_of_fives,
          uniq_prince_ribbit1, uniq_blork_the_orc
Temple:   nicolae_temple_bog_church

Skill      XL: |  1  2  3  4  5  6 |
---------------+-------------------+-----
Ranged Weapons | 6 7 9 10 | 10.6
Fighting       | 2 |  2.0
Armour         | 1 |  1.0
Dodging        | |  2.4
Stealth        | |  1.2

Action                     |  1- 3 |  4- 6 |  7- 9 || total
---------------------------+-------+-------+-------++-------
   Fire: Shortbow          |   127 |   162 |     4 ||   293
    Use: Scroll            |       |     8 |       ||     8
         Potion            |       |     3 |       ||     3
 Armour: Leather armour    |    14 |     2 |       ||    16
         Scale mail        |       |    32 |       ||    32
  Dodge: Dodged            |    23 |    42 |     3 ||    68

Table legend:
 A = Non-vault XP
 B = Vault XP
 C = Vault XP percentage of total XP
 D = Non-vault monster count
 E = Vault monster count
 F = Vault count percentage of total count
                 A         B        C        D         E       F
            +---------+---------+-------+---------+---------+-------
      Total |     492 |     253 |  34.0 |      94 |       2 |   2.1
            +---------+---------+-------+---------+---------+-------
        D:1 |      53 |       0 |   0.0 |      33 |       0 |   0.0
        D:2 |      71 |       0 |   0.0 |      24 |       0 |   0.0
        D:3 |      59 |       0 |   0.0 |      17 |       0 |   0.0
        D:4 |     117 |     214 |  64.7 |      14 |       1 |   6.7
        D:5 |     192 |      39 |  16.9 |       6 |       1 |  14.3
            +---------+---------+-------+---------+---------+-------
